 Dungeon Crawl Stone Soup version 0.29-a0-283-ga02f740833 (webtiles) character file.

Game seed: 6114856906587209147

3714 Conn the Covert (level 10, 0/94 HPs)
             Began as an Octopode Fire Elementalist on Mar 13, 2022.
             Killed by divine providence
             ... invoked by an orc priest
              (13 damage)
             ... on level 7 of the Dungeon.
             The game lasted 00:19:51 (8315 turns).

Conn the Covert (Octopode Fire Elementalist)        Turns: 8315, Time: 00:19:54

Health: 0/94       AC: 25    Str: 14    XL:     10   Next: 14%
Magic:  5/20       EV:  2    Int: 22    God:
Gold:   490        SH:  0    Dex: 12    Spells: 3/22 levels left

rFire   . . .      SeeInvis .   r - +0 dagger (elec)
rCold   . . .      Faith    .   (no shield)
rNeg    . . .      Spirit   .   (helmet currently unavailable)
rPois   +          Reflect  .   d - amulet of regeneration
rElec   .          Harm     .   A - +6 ring of strength
rCorr   .          Rampage  .   (no ring)
Will    .....      NoTele   +   (no ring)
Stlth   ++++......              (no ring)
HPRegen 1.05/turn               (no ring)
MPRegen 0.17/turn               (no ring)
                                (no ring)
                                (no ring)

@: mighty, tree-form
A: stationary, stasis, torment immunity, boosted hp, almost no armour,
(amphibious), 8 rings, (camouflage 1), (gelatinous body 1), (nimble swimmer 1),
(tentacles)
a: no special abilities


You were on level 7 of the Dungeon.
You were a tree.
You visited 1 branch of the dungeon, and saw 7 of its levels.

You collected 490 gold pieces.

Inventory:

Hand Weapons
 c - a +0 dagger
 j - a +2 vorpal mace
 r - a +0 dagger of electrocution (weapon)
Missiles
 m - 16 poisoned darts (quivered)
Armour
 t - a +0 buckler
Jewellery
 d - an amulet of regeneration (around neck)
 f - an amulet of faith
 A - a +6 ring of strength (left branch)
Wands
 q - a wand of flame (11)
 y - a wand of iceblast (8)
Scrolls
 b - 9 scrolls of identify {unknown}
 h - a scroll of noise {unknown}
 i - a scroll of silence
 p - a scroll of vulnerability {unknown}
 s - a scroll of teleportation
 z - a scroll of enchant armour {unknown}
Potions
 a - 4 potions of magic
 e - 2 potions of curing
 g - a potion of brilliance {unknown}
 k - a potion of degeneration {unknown}
 n - 2 potions of attraction {unknown}
 o - 2 potions of invisibility
 u - a potion of mutation {unknown}
 v - a potion of flight {unknown}
 w - 3 potions of might
 x - 2 potions of cancellation {unknown}


   Skills:
 + Level 3.0 Fighting
 + Level 3.2 Short Blades
 + Level 0.1 Maces & Flails
 + Level 3.7 Dodging
 + Level 8.0 Stealth
 + Level 6.8 Spellcasting
 + Level 5.7 Conjurations
 + Level 0.4 Hexes
 * Level 2.3 Translocations
 + Level 7.6 Fire Magic


You had 3 spell levels left.
You knew the following spells:

 Your Spells              Type           Power      Damage    Failure   Level
a - Foxfire               Conj/Fire      100%       2x1d9     1%          1
b - Conjure Flame         Conj/Fire      36%        6-21      1%          3
c - Inner Flame           Hex/Fire       25%        N/A       4%          3
d - Flame Wave            Conj/Fire      36%        2d9       5%          4
e - Scorch                Fire           82%        2d9       1%          2
f - Sticky Flame          Conj/Fire      36%        2d6       5%          4
g - Blink                 Tloc           34%        N/A       4%          2

Your spell library contained the following spells:

 Spells                   Type           Power      Damage    Failure   Level
 Shock                    Conj/Air       80%        1d8       2%          1
 Static Discharge         Conj/Air       20%        N/A       4%          2
 Sting                    Tmut/Pois      28%        1d4       9%          1
 Lesser Beckoning         Tloc           17%        N/A       10%         3
 Poisonous Vapours        Pois/Air       14%        N/A       13%         2
 Tukima's Dance           Hex            9%         N/A       22%         3
 Swiftness                Air            7%         N/A       26%         3
 Passage of Golubria      Tloc           17%        N/A       30%         4
 Airstrike                Air            3%         N/A       63%         4
 Dispel Undead            Necr           7%         3d8       63%         4
 Olgreb's Toxic Radiance  Pois           7%         N/A       63%         4
 Manifold Assault         Tloc           17%        N/A       65%         5
 Yara's Violent Unravell  Hex/Tmut       4%         3d4       91%         5


Dungeon Overview and Level Annotations

Branches:
Dungeon (7/15)
 Temple: D:4-7

Altars:
Wu Jian


Innate Abilities, Weirdness & Mutations

You are a tree.
Your roots penetrate the ground, keeping you stationary.
You cannot be teleported.
You are immune to unholy pain and torment.
Your maximum health is greatly increased.
You cannot wear most types of armour.
((You are amphibious.))
You can wear up to eight rings at the same time.
((Your skin changes colour to match your surroundings (Stealth+).))
((Your rubbery body absorbs attacks. (AC +1, EV +1)))
((You are camouflaged when in or above water. (Stealth+)))
((You have tentacles for arms and can constrict up to eight enemies at once.))


Message History

Casting: Flame Wave (dangerous; 5% risk of failure)
Press: ? - help, Dir - look around, f - activate A wave of flame ripples out!
The flame wave engulfs something. (Press . to intensify the flame waves.)
You hear a shout!
Something hits you but does no damage.
An orc wizard comes into view. It is wielding a +0 dagger.
A wave of flame ripples out!
You feel a bit more experienced.
The flame wave engulfs something!
You hear a bark!
You hear a shout!
Something completely misses you.
Unknown command.
A wave of flame ripples out!
You feel a bit more experienced.
The flame wave engulfs something!
The flame wave engulfs the orc!
You kill the orc!
You finish channelling waves of flame.
You hear a shout!
Something hits you.
The orc priest calls down the wrath of Beogh upon you.
Pain shoots through your body! Something hits you!
* * * LOW HITPOINT WARNING * * *
You feel better. Something hits you!
* * * LOW HITPOINT WARNING * * *
Something hits you!
* * * LOW HITPOINT WARNING * * *
Really quaff the potion of lignification?
You turn into a tree.
Your roots penetrate the ground.
Something hits you but does no damage.
Unknown command.
Casting: Flame Wave (dangerous; 5% risk of failure)
Confirm with . or Enter, or press ? or * to list all spells.
Okay, then.
It was a potion of might.
You feel very mighty all of a sudden.
The orc wizard gestures wildly while chanting.
The orc wizard flickers and vanishes!
The orc priest invokes the aid of Beogh against you.
Beogh smites you!
You die...

..........#
..o.o.....#
#...o.{..#
♣#....†...#
....o..)o.#
....oo....#
..#######o# #.#
#♣# #.# #.#
################.#
.................#
........##########
#######.# #.# #.#


You could see an orc priest and an orc.

Vanquished Creatures
  A hornet (D:7)
  Sigmund (D:6)
  2 water moccasins
  An ice beast (D:7)
  2 sky beasts (D:5)
  3 black bears
  An orc warrior (D:5)
  2 ogres (D:5)
  3 centaurs
  4 phantoms
  A kobold brigand (D:7)
  A gnoll sergeant (D:5)
  2 necrophages
  2 scorpions
  A water moccasin zombie (D:4)
  4 wights
  A killer bee (D:6)
  A bullfrog zombie (D:4)
  5 hounds
  A gnoll shaman (D:7)
  5 jellies
  5 orc wizards
  8 scorpion zombies (D:4)
  A bullfrog skeleton (D:4)
  Ijyb (D:2)
  5 iguanas
  3 hound zombies (D:4)
  A hound skeleton (D:4)
  Robin (D:4)
  A gnoll (D:1)
  A howler monkey zombie (D:4)
  6 adders
  2 white imps
  4 adder zombies (D:4)
  24 orcs
  3 ball pythons
  6 endoplasms
  4 giant cockroaches
  17 goblins
  10 hobgoblins
  2 jackals (D:4)
  9 kobolds
  8 quokkas
  2 bats
  4 frilled lizards
  6 rats
178 creatures vanquished.

Vanquished Creatures (others)
  631 foxfires
  13 plants
  8 withered plants (D:4)
652 creatures vanquished.

Grand Total: 830 creatures vanquished

Notes
Turn   | Place    | Note
-------+----------+-------------------------------------------
     0 | D:1      | Conn the Octopode Fire Elementalist began the quest for the
                  | Orb.
     0 | D:1      | Reached XP level 1. HP: 11/11 MP: 3/3
   208 | D:1      | Reached XP level 2. HP: 17/17 MP: 1/5
   211 | D:1      | Found a faded altar of an unknown god.
   523 | D:1      | Reached XP level 3. HP: 21/21 MP: 6/6
   845 | D:1      | Reached skill level 3 in Stealth
  1259 | D:2      | You fall into a shaft and drop 2 floors!
  1406 | D:3      | Reached XP level 4. HP: 27/27 MP: 4/7
  2377 | D:2      | Reached XP level 5. HP: 31/31 MP: 2/8
  2538 | D:2      | Noticed Ijyb
  2690 | D:2      | Killed Ijyb
  3050 | D:3      | Learned a level 3 spell: Conjure Flame
  3054 | D:3      | Learned a level 3 spell: Inner Flame
  3057 | D:3      | Learned a level 2 spell: Scorch
  3214 | D:4      | Noticed Robin
  3324 | D:4      | Killed Robin
  3325 | D:4      | Reached XP level 6. HP: 37/37 MP: 4/10
  3367 | D:4      | Reached skill level 1 in Fighting
  3449 | D:4      | Reached skill level 1 in Short Blades
  3688 | D:4      | Reached XP level 7. HP: 38/43 MP: 8/12
  3837 | D:4      | Reached skill level 5 in Fire Magic
  4203 | D:4      | Learned a level 4 spell: Flame Wave
  4256 | D:4      | Found an ornate altar of the Wu Jian Council.
  4564 | D:5      | Entered Level 5 of the Dungeon
  4606 | D:5      | Reached skill level 4 in Stealth
  4730 | D:5      | Reached XP level 8. HP: 50/50 MP: 8/14
  4780 | D:5      | Reached skill level 5 in Stealth
  4939 | D:5      | Reached skill level 5 in Spellcasting
  5030 | D:5      | Reached skill level 6 in Stealth
  5039 | D:5      | Reached XP level 9. HP: 33/55 MP: 4/16
  5385 | D:5      | Reached skill level 7 in Stealth
  5385 | D:5      | Reached skill level 5 in Conjurations
  6120 | D:5      | Learned a level 4 spell: Sticky Flame
  6123 | D:5      | Learned a level 2 spell: Blink
  6834 | D:6      | Noticed Sigmund
  6839 | D:6      | Killed Sigmund
  6840 | D:6      | Reached skill level 8 in Stealth
  6840 | D:6      | Reached skill level 1 in Translocations
  7976 | D:7      | Reached XP level 10. HP: 44/62 MP: 9/19
  8315 | D:7      | Killed from afar by an orc priest

Illustrated notes

Levels and vault maps discovered:
D:1:      eino_arrival_druids_welcome, layout_loops_ring,
          shapermc_ecumenical_altar_mp_ritualfount, amethyst_killhole,
          corexii_hall_statues_deadend
D:2:      kennysheep_the_goblin_king, layout_rooms, bh_walls_and_bars
D:3:      layout_rooms, amcnicky_mini_corridor_feature
D:4:      layout_loops_ring, kennysheep_little_box, serial_undead,
          serial_undead_a, serial_undead_a, serial_undead_e, serial_undead_c,
          serial_undead_b, serial_undead_a, serial_undead_e, serial_undead_d,
          mrwooster_statue_mirror, uniq_robin
D:5:      kennysheep_windowed_halls, layout_basic
D:6:      layout_layer_cave, minmay_misc_feat_enclosed, minmay_circle_x,
          uniq_sigmund
D:7:      nzn_winding_woodlands_medium [nzn_winding_woodlands_5x5_checkerboard,
          nzn_winding_woodlands_5x15_sawtooth,
          nzn_winding_woodlands_5x5_open_star,
          nzn_winding_woodlands_5x5_closed_star,
          nzn_winding_woodlands_center_pierced_h,
          nzn_winding_woodlands_5x5_default, nzn_winding_woodlands_5x5_cross,
          nzn_winding_woodlands_5x15_lazy_stream,
          nzn_winding_woodlands_5x5_three], layout_basic,
          minmay_temple_entry_wispy, minmay_misc_feat_rows,
          nicolae_specific_store, minivault_22, serial_bayou_ford_a,
          uniq_crazy_yiuf_cottage

Skill      XL: |  1  2  3  4  5  6  7  8  9 10 |
---------------+-------------------------------+-----
Stealth        | 3 4 6 8 |  8.0
Fire Magic     | 4 5 6 7 |  7.6
Spellcasting   | 3 4 5 6 |  6.8
Conjurations   | 2 3 4 5 |  5.7
Fighting       | 1 2 3 |  3.0
Short Blades   | 1 2 3 |  3.2
Dodging        | 3 |  3.7
Translocations | 2 |  2.3
Maces & Flails | |  0.1
Hexes          | |  0.4

Action                   |  1- 3 |  4- 6 |  7- 9 | 10-12 || total
-------------------------+-------+-------+-------+-------++-------
Melee: Unarmed           |     3 |       |       |       ||     3
       Constrict         |     9 |    15 |    15 |       ||    39
       Dagger            |    26 |    47 |    92 |     1 ||   166
       Tentacles         |     6 |    11 |    15 |       ||    32
       Mace              |     2 |     9 |       |       ||    11
       Punch             |       |     3 |     1 |       ||     4
Throw: Dart              |       |     1 |       |       ||     1
 Cast: Foxfire           |    36 |   117 |   198 |    23 ||   374
       Scorch            |       |     5 |     2 |     7 ||    14
       Inner Flame       |       |       |     5 |     1 ||     6
       Flame Wave        |       |       |     2 |     1 ||     3
       Blink             |       |       |     2 |       ||     2
       Sticky Flame      |       |       |     1 |       ||     1
  Use: Potion            |       |       |     3 |     3 ||     6
       Scroll            |       |       |     1 |     1 ||     2
 Stab: Sleeping          |     3 |     1 |    10 |       ||    14
       Distracted        |       |       |     1 |       ||     1
       Invisible         |       |       |     5 |       ||     5
Armor: Skin              |     3 |     3 |    36 |     3 ||    45
Dodge: Dodged            |    38 |    41 |    61 |     3 ||   143

Table legend: (Time is in decaauts)
 A = Elapsed time spent in this place.
 B = Non-inter-level travel time spent in this place.
 C = Inter-level travel time spent in this place.
 D = Time resting spent in this place.
 E = Time spent auto-exploring this place.
 F = Levels seen in this place.
 G = Mean time per level.
                   A        B        C        D        E       F      G
               +--------+--------+--------+--------+--------+-----+--------+
         Total |   8321 |   8168 |    153 |    342 |   5575 |   7 | 1188.7 |
       Dungeon |   8321 |   8168 |    153 |    342 |   5575 |   7 | 1188.7 |
               +--------+--------+--------+--------+--------+-----+--------+

Top non-repeatable levels by time:
     D:5: 1579 daAuts
     D:6: 1522 daAuts
     D:4: 1296 daAuts
     D:1: 1160 daAuts
     D:2: 1063 daAuts
     D:3: 1048 daAuts
     D:7: 651 daAuts
